 Dungeon Crawl Stone Soup version 0.26.1-11-gd32895ea62 (webtiles) character file.

Game seed: 157638044322202068

46 ubername the Vandal (level 3, 0/24 HPs)
             Began as a Halfling Hunter on May 2, 2021.
             Slain by a kobold
             ... wielding a +0 whip of flaming
              (1 damage)
             ... on level 1 of the Dungeon.
             The game lasted 00:05:01 (1282 turns).

ubername the Vandal (Halfling Hunter)               Turns: 1282, Time: 00:05:02

Health: 0/24       AC:  3    Str: 13    XL:     3   Next: 95%
Magic:  3/3        EV: 15    Int:  9    God:
Gold:   39         SH:  0    Dex: 15    Spells: 2/2 levels left

rFire    . . .     SeeInvis .   b - +0 short sword
rCold    . . .     Faith    .   (shield restricted)
rNeg     . . .     Spirit   .   c - +0 leather armour
rPois    .         Reflect  .   (no helmet)
rElec    .         Harm     .   (no cloak)
rCorr    .         Rampage  .   (no gloves)
Will     .....                  (no boots)
Stlth    ++........             (no amulet)
HPRegen  0.08/turn              (no ring)
MPRegen  0.08/turn              (no ring)

@: no status effects
A: small, mutation resistance 1
a: no special abilities


You were on level 1 of the Dungeon.
You visited 1 branch of the dungeon, and saw 2 of its levels.

You collected 39 gold pieces.

Inventory:

Hand Weapons
 a - a +1 hunting sling
 b - a +0 short sword (weapon)
Missiles
 d - 41 sling bullets
 e - 42 stones (quivered)
Armour
 c - a +0 leather armour (worn)
 n - a +0 pair of gloves
Jewellery
 f - an uncursed ring of magical power {unknown}
Scrolls
 g - a scroll of enchant armour {unknown}
 h - 2 scrolls of fear {unknown}
 i - a scroll of identify {unknown}
 j - a scroll of enchant weapon {unknown}
 m - a scroll of teleportation {unknown}
Potions
 k - 2 potions of lignification {unknown}
 l - a potion of curing {unknown}


   Skills:
 + Level 2.1 Fighting
 + Level 0.9 Short Blades
 + Level 6.9 Slings
 + Level 0.1 Armour
 + Level 2.4 Dodging
 + Level 1.3 Stealth


You had 2 spell levels left.
You didn't know any spells.
Your spell library was empty.

Dungeon Overview and Level Annotations

Branches:
Dungeon (2/15)

Altars:

Annotations:
D:2 Sigmund


Innate Abilities, Weirdness & Mutations

You are small and have problems with some larger weapons.
You are somewhat resistant to further mutation.


Message History

The kobold is moderately wounded.
The kobold barely misses you.
You miss the kobold.
The kobold is moderately wounded.
The kobold misses you.
You closely miss the kobold.
The kobold is moderately wounded.
The kobold barely misses you.
You closely miss the kobold.
The kobold is moderately wounded.
The kobold hits you with a +0 whip of flaming.
* * * LOW HITPOINT WARNING * * *
The kobold burns you.
* * * LOW HITPOINT WARNING * * *
You closely miss the kobold.
The kobold is moderately wounded.
The kobold hits you with a +0 whip of flaming.
* * * LOW HITPOINT WARNING * * *
The kobold burns you.
You die...

#.#.# #># ######.# #.#.#
#.# #.# #.#.# #.# #.# #.#.#
#.# #####.#### #.#.# #.#
###........† #)#.# #)#
#........... ....# #.#
###### #.#.###.#### ...##
#.####...K## #.#.###.#...
.#.#
#.##.....)@#####....##.#.##
.#.#
#........................#
.#.#
####.#...................##
...#
#.#.#####.#...#..###.#.#
#..# #.#.# #.#...#.....###.
#..#
##.#.#####.....#..###.#.#
...#
#.......###.#.##..####.##
...# #.......#
##.###.....#.# ...#
#.......# #.###[.#....##


You could see a kobold.

Vanquished Creatures
  2 worms (D:1)
  3 dart slugs (D:1)
  2 leopard geckos (D:1)
  A giant cockroach (D:1)
  3 goblins (D:1)
  6 hobgoblins
  2 bats (D:1)
  2 frilled lizards (D:1)
  6 kobolds
  5 rats
32 creatures vanquished.

Notes
Turn   | Place    | Note
-------+----------+-------------------------------------------
     0 | D:1      | ubername the Halfling Hunter began the quest for the Orb.
     0 | D:1      | Reached XP level 1. HP: 14/14 MP: 1/1
    25 | D:1      | Reached skill level 6 in Slings
   183 | D:1      | Reached XP level 2. HP: 13/19 MP: 2/2
   611 | D:1      | Reached XP level 3. HP: 24/24 MP: 3/3
   983 | D:2      | Noticed Sigmund
  1282 | D:1      | HP: 1/24 [kobold/+0 whip of flaming (4)]
  1282 | D:1      | Slain by a kobold

Illustrated notes

Levels and vault maps discovered:
D:1:      enne_arrival_octagon_isle, layout_loops_ring, minmay_heptomino_w4
D:2:      layout_rooms, amethyst_killhole, uniq_sigmund

Skill      XL: |  1  2 |
---------------+-------+-----
Slings         | 6 |  6.9
Fighting       | 2 |  2.1
Short Blades   | |  0.9
Armour         | |  0.1
Dodging        | |  2.4
Stealth        | |  1.3

Action                   || total
-------------------------++-------
Melee: Short sword       ||    51
 Fire: Hunting sling     ||    58
 Stab: Sleeping          ||     2
Armor: Leather armour    ||     6
Dodge: Dodged            ||    40
